 Dungeon Crawl Stone Soup version 0.29.0-11-gd7f09526c8 (webtiles) character file.

Game seed: 6850423163660266596

658 greasedhog the Cudgeller (level 7, -1/44 HPs)
             Began as a Gargoyle Gladiator on Sept 6, 2022.
             Slain by a gnoll sergeant
             ... wielding a +7 spear of flaming
              (2 damage)
             ... on level 5 of the Dungeon.
             The game lasted 00:05:32 (4754 turns).

greasedhog the Cudgeller (Gargoyle Gladiator)       Turns: 4754, Time: 00:05:32

Health: -1/44      AC: 14    Str: 19    XL:     7   Next: 55%
Magic:  7/7        EV: 11    Int:  9    God:
Gold:   212        SH:  0    Dex: 17    Spells: 6/6 levels left

rFire   . . .      SeeInvis .   q - +0 hand axe (flame)
rCold   . . .      Faith    .   (no shield)
rNeg    + . .      Spirit   .   f - +0 ring mail
rPois   ∞          Reflect  .   c - +0 helmet
rElec   +          Harm     .   k - +2 cloak {Stlth+}
rCorr   .          Rampage  .   (no gloves)
Will    .....                   (no boots)
Stlth   ++........              h - amulet of the acrobat
HPRegen 0.14/turn               g - +6 ring of dexterity
MPRegen 0.10/turn               (no ring)

@: no status effects
A: sickness immunity, AC +4, negative energy resistance 1, electricity
resistance, torment resistance 1, petrification resistance
a: no special abilities


You were on level 5 of the Dungeon.
You visited 1 branch of the dungeon, and saw 5 of its levels.

You collected 356 gold pieces.
You spent 144 gold pieces at shops.

Inventory:

Hand Weapons
 a - a +0 flail
 q - a +0 hand axe of flaming (weapon)
Missiles
 d - 2 throwing nets (quivered)
 e - a javelin
Armour
 c - a +0 helmet (worn)
 f - a +0 ring mail (worn)
 k - a +2 cloak of stealth (worn)
 s - a +0 scale mail
Jewellery
 g - a +6 ring of dexterity (left hand)
 h - an amulet of the acrobat (around neck)
Wands
 n - a wand of flame (18)
Scrolls
 b - a scroll of teleportation
 m - a scroll of butterflies
 p - a scroll of torment
 r - a scroll of immolation
 t - a scroll of silence {unknown}
 u - a scroll of vulnerability {unknown}
 v - a scroll of poison {unknown}
 w - a scroll of blinking
Potions
 i - 2 potions of curing
 j - 3 potions of resistance {unknown}
 l - a potion of berserk rage {unknown}
 o - a potion of haste {unknown}
 x - a potion of lignification {unknown}


   Skills:
 - Level 5.3 Fighting
 * Level 6.4 Maces & Flails
 - Level 1.7 Throwing
 * Level 3.4 Armour
 - Level 2.4 Dodging


You had 6 spell levels left.
You didn't know any spells.
Your spell library contained the following spells:

 Spells                   Type           Power      Damage    Failure   Level
 Beastly Appendage        Tmut           0%         N/A       56%         1
 Wereblood                Tmut           0%         N/A       71%         2
 Spider Form              Tmut/Pois      0%         N/A       90%         3
 Dispersal                Tloc           0%         N/A       100%        6
 Disjunction              Tloc           0%         N/A       100%        8


Dungeon Overview and Level Annotations

Branches:
Dungeon (5/15)
 Temple: D:4-7

Altars:
Sif Muna
Trog
Uskayaw
Zin

Shops:
D:4 *![   D:5 *[

Annotations:
D:1 1 transporter


Innate Abilities, Weirdness & Mutations

You are immune to sickness and miasma.
Your stone body is resilient. (AC +4)
You are immune to poison.
You resist negative energy. (rN+)
You are resistant to electric shocks. (rElec)
You are resistant to unholy torment.
You are immune to petrification.


Message History

The gnoll misses you.
You hit the gnoll but do no damage. The gnoll hits you but does no damage.
The gnoll barely misses you. x2
The gnoll sergeant hits you from afar with a +7 spear of flaming.
The gnoll sergeant burns you.
You hit the gnoll. You burn the gnoll.
The gnoll is heavily wounded.
You barely miss the gnoll. The gnoll barely misses you.
The gnoll hits you but does no damage.
The gnoll sergeant hits you from afar with a +7 spear of flaming.
The gnoll sergeant burns you.
You closely miss the gnoll.
The gnoll is heavily wounded.
You hit the gnoll. You burn the gnoll. The gnoll hits you but does no damage.
The gnoll misses you.
The gnoll sergeant completely misses you.
The gnoll attacks as you move away! The gnoll hits you but does no damage.
The gnoll misses you. The gnoll closely misses you.
You barely miss the gnoll.
The gnoll is moderately wounded.
The gnoll hits you with a +0 spear. The gnoll hits you but does no damage.
The gnoll sergeant closely misses you.
You hit the gnoll. You burn the gnoll.
The gnoll is heavily wounded.
The gnoll hits you but does no damage. x2
The gnoll sergeant hits you from afar with a +7 spear of flaming!
The gnoll sergeant burns you.
You hit the gnoll. You burn the gnoll.
You kill the gnoll!
The gnoll hits you from afar with a +0 spear.
The gnoll sergeant hits you but does no damage.
The gnoll sergeant hits you from afar with a +7 spear of flaming.
The gnoll sergeant burns you.
* * * LOW HITPOINT WARNING * * *
The gnoll hits you but does no damage.
There is a stone staircase leading up here.
The gnoll sergeant hits you from afar with a +7 spear of flaming!
* * * LOW HITPOINT WARNING * * *
The gnoll sergeant burns you.
You die...

#..## #....
#######...##
##.#........#
###..........##..
#..............>.
##......)g.......
##........g)......
#∩.∩....@.##......
##.................
#.∩.∩.....#........
##........#........
#........#.##.....
####.......#....#...
#.......##.... .
#....÷..#..#.#
##..#.........# #...


You could see a gnoll sergeant and a gnoll.

Vanquished Creatures
  2 ogres
  A phantom (D:3)
  A howler monkey (D:4)
  2 hounds
  An orc priest (D:4)
  A jelly (D:4)
  An orc wizard (D:4)
  8 adders
  2 gnolls (D:5)
  A shadow imp (D:5)
  2 ufetubi
  2 worms (D:3)
  4 dart slugs
  11 orcs
  5 bats
  4 endoplasms
  2 giant cockroaches
  5 goblins
  11 hobgoblins
  9 jackals
  7 kobolds
  7 quokkas
  7 ball pythons
  2 frilled lizards
  10 rats
  A bush (D:1)
109 creatures vanquished.

Vanquished Creatures (others)
  A plant (D:1)
1 creature vanquished.

Grand Total: 110 creatures vanquished

Notes
Turn   | Place    | Note
-------+----------+-------------------------------------------
     0 | D:1      | greasedhog the Gargoyle Gladiator began the quest for the
                  | Orb.
     0 | D:1      | Reached XP level 1. HP: 12/12 MP: 1/1
   174 | D:1      | Reached XP level 2. HP: 16/18 MP: 2/2
   544 | D:1      | Found a faded altar of an unknown god.
   700 | D:1      | Reached XP level 3. HP: 23/23 MP: 3/3
  1318 | D:2      | Reached skill level 4 in Maces & Flails
  1318 | D:2      | Reached XP level 4. HP: 24/28 MP: 4/4
  1493 | D:2      | You fall into a shaft and drop 2 floors!
  1493 | D:4      | Found Ciwekuf's Distillery.
  1494 | D:4      | Found Ysata's Assorted Antiques.
  1505 | D:4      | Bought a potion of curing for 39 gold pieces
  1505 | D:4      | Bought a potion of curing for 39 gold pieces
  2011 | D:3      | Reached XP level 5. HP: 33/33 MP: 5/5
  2205 | D:2      | Found a bloodstained altar of Trog.
  3147 | D:3      | Found a shimmering blue altar of Sif Muna.
  3161 | D:3      | Noticed an ogre
  3178 | D:3      | Killed an ogre
  3179 | D:3      | Reached skill level 5 in Maces & Flails
  3179 | D:3      | Reached XP level 6. HP: 38/40 MP: 6/6
  3262 | D:3      | Found a hide-covered altar of Uskayaw.
  3392 | D:3      | Found a glowing silver altar of Zin.
  3422 | D:3      | Reached skill level 5 in Fighting
  3531 | D:4      | Reached skill level 1 in Armour
  3851 | D:4      | Reached XP level 7. HP: 44/44 MP: 7/7
  4026 | D:4      | Found Xaigaagu's Antique Armour Shoppe.
  4066 | D:4      | Reached skill level 6 in Maces & Flails
  4224 | D:5      | Entered Level 5 of the Dungeon
  4300 | D:5      | Found Niecuat's General Store.
  4308 | D:5      | Bought a wand of flame (5) for 42 gold pieces
  4308 | D:5      | Bought a scroll of identify for 24 gold pieces
  4313 | D:5      | Found Jaagaes's Antique Armour Boutique.
  4754 | D:5      | HP: 1/44 [gnoll sergeant/+7 spear of flaming (13)]
  4754 | D:5      | Slain by a gnoll sergeant

Illustrated notes

Levels and vault maps discovered:
D:1:      spicycebolla_arrival_risky_transporter, layout_loops_cross,
          serial_forest, infiniplex_forest_lined_ring,
          infiniplex_forest_lined_room_2, infiniplex_forest_clump_small,
          infiniplex_forest_straight_3, infiniplex_forest_side_room,
          infiniplex_forest_fountain, infiniplex_forest_split,
          infiniplex_forest_corner_1,
          dreamdust_ecumenical_altar_angels_and_demons
D:2:      layout_basic, basic_altar, minmay_curled_crystal,
          minmay_increasing_density
D:3:      layout_basic, nicolae_uskayaw_suspiria, nicolae_overflow_hidden_temple
D:4:      layout_loops_ring, serial_shops, shop_fountains, nicolae_shop_stone,
          nicolae_shop_statue_plus
D:5:      layout_cave_pools, serial_shops,
          nicolae_shop_competitors_out_of_business, shop, shop_fountains, shop,
          shop, uniq_edmund, uniq_duvessa

Skill      XL: |  1  2  3  4  5  6  7 |
---------------+----------------------+-----
Fighting       | 3 4 5 |  5.3
Maces & Flails | 4 5 6 |  6.4
Armour         | 2 3 |  3.4
Throwing       | |  1.7
Dodging        | |  2.4

Action                   |  1- 3 |  4- 6 |  7- 9 || total
-------------------------+-------+-------+-------++-------
Melee: Flail             |   163 |   173 |       ||   336
       Punch             |     3 |     1 |     1 ||     5
       Hand axe          |       |    25 |    50 ||    75
Throw: Throwing net      |       |     1 |     5 ||     6
  Use: Scroll            |     1 |     2 |     5 ||     8
       Potion            |       |     3 |       ||     3
 Stab: Sleeping          |     1 |     4 |     1 ||     6
       Distracted        |       |     1 |       ||     1
       Held in net/web   |       |     1 |       ||     1
Armor: Ring mail         |    58 |    70 |    40 ||   168
Dodge: Dodged            |    83 |   133 |    40 ||   256
